Map: Oxide LE

Players

A.I. 1 (Elite)

  • Race: Zerg Zerg
  • Spawn Location: 7:00

sulkosaurus - Winner!

  • Race: Protoss Protoss
  • League: Diamond
  • Spawn Location: 1:00

VOD

Have the link to the VOD?

Description

Margery build PvZ

Time

  • Played on: Dec. 28, 2020, 8:20 a.m.
  • Length: 6:43
Show
View Real Time Build Order
Export as new Build Order

A.I. 1 (Elite) Zerg 

Build Orders: Pool First 

Get SALT Encoding   

  12  0:00  Drone  
  13  0:12  Overlord  
  13  0:16  Drone  
  14  0:30  Drone x2  
  14  0:34  Drone  
  17  0:47  Spawning Pool  
  17  0:48  Drone  
  17  1:21  Extractor  
  16  1:34  Drone, Zergling x4  
  16  1:37  Queen  
  21  1:47  Drone  
  22  1:55  Extractor  
  22  1:56  Drone  
  22  2:02  Hatchery  
  22  2:07  Drone  
  22  2:18  Overlord  
  22  2:36  Queen, Drone  
  25  2:39  Drone  
  25  2:44  Drone x2  
  28  2:45  Drone  
  28  2:50  Drone  
  30  3:02  Overlord  
  30  3:11  Roach Warren  
  30  3:12  Drone  
  29  3:15  Drone  
  29  3:19  Zergling x2  
  31  3:22  Zergling x2  
  31  3:26  Zergling x2  
  32  3:31  Drone  
  33  3:36  Drone  
  34  3:51  Roach  
  34  3:53  Roach  
  34  3:54  Roach  
  34  3:55  Roach  
  42  4:02  Lair  
  42  4:08  Overlord  
  42  4:13  Overlord  
  42  4:18  Zergling x2  
  42  4:20  Zergling x2  
  44  4:26  Drone, Zergling x2  
  44  4:28  Drone  
  44  4:30  Drone  
  48  4:33  Drone  
  48  4:37  Drone  
  50  4:40  Roach  
  50  4:44  Roach  
  54  4:48  Overlord  
  54  4:56  Drone  
  54  4:58  Drone  
  56  5:00  Drone  
  56  5:02  Infestation Pit  
  56  5:06  Hydralisk Den  
  55  5:12  Drone  
  55  5:14  Drone  
  57  5:16  Drone  
  57  5:18  Drone  
  59  5:22  Overlord  
  59  5:24  Drone  
  59  5:26  Drone  
  59  5:28  Drone  
  62  5:31  Drone  
  62  5:35  Drone  
  63  5:38  Hydralisk, Drone  
  63  5:39  Hydralisk  
  68  5:43  Overlord  
  68  5:45  Hydralisk  
  65  5:54  Zergling x2  
  65  5:56  Zergling x2  
  43  6:04  Roach  
  43  6:06  Hydralisk  
  43  6:07  Drone x2, Roach  
Show
View Real Time Build Order
Export as new Build Order

sulkosaurus Protoss - Winner!

Build Orders: 1 Gate Expand 

Get SALT Encoding   

  12  0:00  Probe  
  13  0:12  Probe  
  14  0:19  Pylon  
  14  0:24  Probe (Chrono Boost)  
  15  0:39  Probe (Chrono Boost)  
  16  0:43  Gateway  
  16  0:44  Probe (Chrono Boost)  
  16  0:48  Assimilator  
  17  0:53  Probe  
  18  1:08  Probe  
  19  1:20  Probe  
  20  1:26  Nexus  
  20  1:37  Cybernetics Core  
  20  1:42  Pylon  
  21  1:54  Probe  
  21  1:58  Assimilator  
  21  2:06  Probe  
  21  2:10  Adept (Chrono Boost)  
  21  2:14  Warp Gate  
  23  2:18  Probe  
  24  2:30  Probe  
  25  2:37  Stalker  
  25  2:41  Probe  
  25  2:42  Probe  
  29  2:53  Probe  
  29  2:54  Probe  
  29  2:55  Robotics Facility  
  29  2:57  Gateway  
  31  3:05  Probe, Twilight Council  
  32  3:08  Probe  
  33  3:18  Probe  
  34  3:21  Probe  
  35  3:30  Probe  
  35  3:32  Pylon  
  35  3:33  Probe  
  37  3:34  Pylon  
  37  3:39  Charge (Chrono Boost)  
  37  3:42  Probe  
  37  3:44  Warp Prism (Chrono Boost)  
  40  4:09  Gateway  
  40  4:11  Gateway, Immortal (Chrono Boost)  
  44  4:19  Pylon  
  44  4:23  Gateway  
  44  4:24  Gateway  
  44  4:28  Gateway  
  44  4:38  Gateway  
  44  4:39  Pylon  
  44  4:41  Immortal (Chrono Boost)  
  48  4:50  Zealot  
  48  4:51  Zealot  
  52  4:55  Pylon  
  52  5:11  Zealot x3  
  52  5:13  Zealot  
  60  5:23  Pylon x2  
  60  5:30  Zealot x5  
  64  5:53  Zealot x8  
  78  6:13  Zealot  
  78  6:14  Zealot  
  78  6:15  Zealot  
  84  6:18  Zealot  
  84  6:19  Zealot x2  
  84  6:20  Zealot  
  92  6:32  Pylon, Zealot  
  94  6:34  Pylon, Zealot  
  94  6:35  Zealot x2  
Tags
 
Add a new tag
Caveats
  • Supply blocks, unpowered buildings, or Contaminate may cause inaccurate times.
  • Supply counts are checked every 10 seconds.